 Dungeon Crawl Stone Soup version 0.28.0-53-g5a82cb258f (webtiles) character file.

Game seed: 2207637333655956391

1202 NegativeXP the Covert (level 8, -3/43 HPs)
             Began as a Kobold Brigand on July 9, 2022.
             Was a Priest of Hepliaklqana.
             Slain by a water moccasin (4 damage)
             ... on level 8 of the Dungeon on July 11, 2022.
             The game lasted 00:28:30 (3799 turns).

NegativeXP the Covert (Kobold Brigand)              Turns: 3799, Time: 00:28:31

Health: -3/43      AC:  6    Str:  8    XL:     8   Next: 73%
Magic:  0/8        EV: 15    Int: 12    God:    Hepliaklqana [***...]
Gold:   253        SH:  0    Dex: 19    Spells: 7/7 levels left

rFire   . . .      SeeInvis .   a - +3 dagger
rCold   . . .      Faith    .   (no shield)
rNeg    . . .      Spirit   +   i - +2 leather armour
rPois   .          Reflect  .   (no helmet)
rElec   .          Harm     .   c - +0 cloak
rCorr   .          Rampage  .   (no gloves)
Will    .....                   (no boots)
Stlth   +++++.....              t - amulet of guardian spirit
HPRegen 0.14/turn               (no ring)
MPRegen 0.11/turn               (no ring)

@: lethally poisoned (-3 -> -20)
A: reduced essence, small, no large weapons, nightstalker 3
a: Renounce Religion, Recall Ancestor, Ancestor Identity, Transference


You were on level 8 of the Dungeon.
You worshipped Hepliaklqana.
Hepliaklqana was most pleased with you.
You visited 1 branch of the dungeon, and saw 6 of its levels.

You collected 253 gold pieces.

Inventory:

Hand Weapons
 a - a +3 dagger (weapon)
 r - a +0 rapier
 u - a +0 whip
Missiles
 d - 14 poisoned darts (quivered)
 e - 2 curare-tipped darts
 h - a throwing net
Armour
 b - a +0 robe
 c - a +0 cloak (worn)
 i - a +2 leather armour (worn)
 q - a +0 robe
Magical Staves
 p - a staff of earth
Jewellery
 t - an amulet of guardian spirit (around neck)
Scrolls
 j - a scroll of immolation
 k - a scroll of acquirement {unknown}
 m - a scroll of magic mapping {unknown}
 n - a scroll of fog {unknown}
Potions
 f - a potion of mutation
 g - a potion of magic {unknown}
 l - a potion of lignification {unknown}
 o - a potion of degeneration
 s - a potion of curing
 v - a potion of flight {unknown}
 w - a potion of resistance {unknown}
 z - a potion of might


   Skills:
 + Level 3.7 Fighting
 + Level 7.0 Short Blades
 + Level 2.5 Throwing
 + Level 3.2 Armour
 + Level 3.5 Dodging
 + Level 10.1 Stealth


You had 7 spell levels left.
You didn't know any spells.
Your spell library contained the following spells:

 Spells                   Type           Power      Damage    Failure   Level
 Animate Skeleton         Necr           0%         N/A       43%         1
 Pain                     Necr           0%         1d4       43%         1
 Vampiric Draining        Necr           0%         2d6       80%         3


Dungeon Overview and Level Annotations

Branches:
Dungeon (8/15)
 Temple: D:4-7         Lair: D:8-11

Altars:
Ashenzari
Fedhas
Hepliaklqana
Sif Muna
Trog


Innate Abilities, Weirdness & Mutations

Your life essence is reduced to manifest your ancestor. (-10% HP)
You are small and have problems with some larger weapons.
You are completely attuned to the shadows.


Message History

You feel a bit more experienced.
Items here: ( ))) [ ††.
You swap places.
You swap places.
Items here: ( ))) [ ††.
Okay, then.
Your orc warrior dissolves into shadows!
d - 14 poisoned darts (gained 7)
Things that are here:
a +0 whip; a kobold corpse
u - a +0 whip
Things that are here:
a +0 club; a +0 club
Things that are here:
a +0 dagger; a +0 robe; an orc corpse
Items here: (( )))) [[[ †.
Okay, then.
You see here a +0 whip.
Items here: (( )))) [[[ †.
Things that are here:
a +0 club; an orc corpse A water moccasin comes into view.
The water moccasin hisses angrily.
The water moccasin barely misses you.
You barely miss the water moccasin. The water moccasin bites you.
* * * LOW HITPOINT WARNING * * *
You are lethally poisoned!
The water moccasin poisons you!
You closely miss the water moccasin.
* * * LOW HITPOINT WARNING * * *
You feel sick. The water moccasin bites you.
* * * LOW HITPOINT WARNING * * *
You are more poisoned.
The water moccasin poisons you!
Qinisela closely misses the water moccasin.
* * * LOW HITPOINT WARNING * * *
You feel very sick.
Qinisela barely misses the water moccasin.
The water moccasin bites you.
You die...

.....'........#.......#
..####...##...#.......# ..
######...##...+.......#...
#......#...##..#####...
#.........)†)..........
#......##..))...)....#
#......###)).†.##...##
#.##...# ##.)####..K#
.###.#....# ##.@S......#
.#...# .. #..R.....##
.#...# ##...... .#...#
#...... .'...# #.....#
.##.## .##.# ..).# ..))#


You could see the friendly Qinisela the knight and a water moccasin (ally
target).

Vanquished Creatures
  A wyvern (D:8)
  2 black bears (D:7)
  A bullfrog (D:7)
  A water moccasin skeleton (D:7)
  A killer bee (D:7)
  2 orc wizards
  2 adders
  A shadow imp (D:7)
  An ufetubus (D:7)
  A dart slug (D:1)
  9 orcs
  3 ball pythons (D:1)
  4 endoplasms
  3 giant cockroaches (D:3)
  4 goblins
  4 hobgoblins (D:1)
  9 kobolds
  3 quokkas
  4 bats
  A frilled lizard (D:1)
  3 rats
60 creatures vanquished.

Vanquished Creatures (collateral kills)
  An ice beast (D:7)
  An orc warrior (D:8)
  A kobold brigand (D:8)
  4 killer bees (D:7)
  An orc priest (D:4)
  An iguana (D:4)
  2 orc wizards (D:8)
  An adder (D:4)
  A dart slug (D:4)
  12 orcs
  An endoplasm (D:4)
  A giant cockroach (D:3)
  A hobgoblin (D:4)
  A quokka (D:3)
  4 kobolds
33 creatures vanquished.

Grand Total: 93 creatures vanquished

Notes
Turn   | Place    | Note
-------+----------+-------------------------------------------
     0 | D:1      | NegativeXP the Kobold Brigand began the quest for the Orb.
     0 | D:1      | Reached XP level 1. HP: 12/12 MP: 1/1
   237 | D:1      | Reached XP level 2. HP: 10/18 MP: 2/2
   447 | D:1      | Reached skill level 6 in Stealth
   487 | D:1      | Noticed a red devil
   506 | D:1      | Reached XP level 3. HP: 18/22 MP: 3/3
   510 | D:1      | Found a faded altar of an unknown god.
   515 | D:1      | Prayed at the altar of an unknown god.
   515 | D:1      | Became a worshipper of Hepliaklqana the Forgotten
   515 | D:1      | Reached * piety under Hepliaklqana
   940 | D:2      | Found a bloodstained altar of Trog.
  1333 | D:3      | Found a blossoming altar of Fedhas.
  1333 | D:3      | Found a broken altar of Ashenzari.
  1333 | D:3      | Found a shimmering blue altar of Sif Muna.
  1501 | D:3      | Reached ** piety under Hepliaklqana
  1502 | D:3      | Remembered your ancestor Qinisela as a knight
  1986 | D:3      | Reached XP level 4. HP: 24/24 MP: 4/4
  2110 | D:4      | Reached XP level 5. HP: 11/27 MP: 3/5
  2359 | D:4      | Reached skill level 7 in Stealth
  2516 | D:4      | You fall into a shaft and drop 3 floors!
  2596 | D:7      | Noticed a bullfrog
  2600 | D:7      | Killed a bullfrog
  2601 | D:7      | Reached skill level 1 in Armour
  2601 | D:7      | Reached XP level 6. HP: 32/32 MP: 6/6
  2798 | D:7      | Noticed a black bear
  2803 | D:7      | Killed a black bear
  2804 | D:7      | Reached skill level 5 in Short Blades
  2804 | D:7      | Reached skill level 8 in Stealth
  2809 | D:7      | Identified the +1 chain mail of Minor Irritation {+Inv rC-
                  | rN+ Dex+3}
  2816 | D:7      | Reached *** piety under Hepliaklqana
  2845 | D:7      | Reached XP level 7. HP: 36/36 MP: 7/7
  2870 | D:7      | HP: 1/36 [killer bee (3)]
  3090 | D:7      | Reached skill level 9 in Stealth
  3090 | D:7      | Reached XP level 8. HP: 40/40 MP: 8/8
  3716 | D:8      | Noticed a wyvern
  3720 | D:8      | Killed a wyvern
  3770 | D:8      | Reached skill level 10 in Stealth
  3799 | D:8      | HP: 1/43 [poisoned by a water moccasin]
  3799 | D:8      | Slain by a water moccasin

Illustrated notes

Levels and vault maps discovered:
D:1:      erik_arrival_cave_to_civilisation [erik_arrival_cave_to_hall],
          layout_basic, dreamdust_ecumenical_altar_sealed_demon, minmay_cupped
D:2:      layout_basic, basic_altar, minmay_misc_feat_diagonals
D:3:      layout_basic, gammafunk_temple_overflow_forgotten,
          gammafunk_temple_overflow_claw, gup_sewer_entry_pipe
D:4:      layout_basic, kennysheep_little_box, mainiacjoe_overflow_boulevard
D:7:      layout_basic
D:8:      minmay_flawed_box, layout_gridville, overflow_temple_1_default,
          grunt_ministairs_8

Skill      XL: |  1  2  3  4  5  6  7  8 |
---------------+-------------------------+-----
Stealth        | 6 7 8 9 10 | 10.1
Short Blades   | 3 4 5 6 7 |  7.0
Dodging        | 2 3 |  3.5
Armour         | 1 2 3 |  3.2
Fighting       | 3 |  3.7
Throwing       | |  2.5

Action                   |  1- 3 |  4- 6 |  7- 9 || total
-------------------------+-------+-------+-------++-------
Melee: Dagger            |    69 |    55 |    73 ||   197
       Punch             |     2 |     1 |     1 ||     4
Throw: Dart              |       |     1 |     4 ||     5
Invok: Ancestor Life: Kn |     1 |       |       ||     1
       Recall Ancestor   |       |     1 |       ||     1
  Use: Scroll            |     2 |     4 |     5 ||    11
       Potion            |     1 |       |     2 ||     3
 Stab: Sleeping          |    15 |    12 |     4 ||    31
Armor: Robe              |     3 |       |       ||     3
       Leather armour    |     6 |    10 |    26 ||    42
Dodge: Dodged            |    30 |    29 |    64 ||   123
